 Dungeon Crawl Stone Soup version 0.29.1-13-g9f3cf754e1 (webtiles) character file.

Game seed: 2072373157297719664

1498 Thatpatchoflichen the Trooper (level 8, -3/67 HPs)
             Began as a Demonspawn Hunter on Feb 2, 2023.
             Killed by divine providence
             ... invoked by an orc priest
              (12 damage)
             ... on level 6 of the Dungeon.
             The game lasted 00:14:45 (5606 turns).

Thatpatchoflichen the Trooper (Demonspawn Hunter)   Turns: 5606, Time: 00:14:46

Health: -3/67      AC:  8    Str: 12    XL:     8   Next: 52%
Magic:  8/8        EV: 12    Int: 10    God:
Gold:   326        SH:  0    Dex: 25    Spells: 7/7 levels left

rFire   . . .      SeeInvis .   a - +0 shortbow
rCold   . . .      Faith    .   (shield currently unavailable)
rNeg    . . .      Spirit   .   v - +0 scale mail
rPois   .          Reflect  .   (no helmet)
rElec   .          Harm     .   (no cloak)
rCorr   .          Rampage  .   (no gloves)
Will    +....                   m - +1 pair of boots
Stlth   +.........              (no amulet)
HPRegen 0.21/turn               h - ring of willpower
MPRegen 0.11/turn               J - +6 ring of dexterity

@: brilliant, on berserk cooldown, slowed, very slow
A: hooves 1, foul stench 1
a: no special abilities


You were on level 6 of the Dungeon.
You visited 1 branch of the dungeon, and saw 6 of its levels.

You collected 326 gold pieces.

Inventory:

Hand Weapons
 a - a +0 shortbow (weapon)
 B - a +5 dagger of draining
Missiles
 d - 13 poisoned darts
 E - 4 boomerangs
Armour
 c - a +0 leather armour
 m - a +1 pair of boots (worn)
 v - a +0 scale mail (worn)
Jewellery
 h - a ring of willpower (left hand)
 j - an amulet of faith
 J - a +6 ring of dexterity (right hand)
Wands
 w - a wand of light (4)
 A - a wand of flame (18)
 C - a wand of iceblast (14)
 F - a wand of digging (5)
Scrolls
 b - 2 scrolls of immolation
 e - 2 scrolls of enchant armour {unknown}
 g - 4 scrolls of poison {unknown}
 i - 5 scrolls of identify {unknown}
 k - 2 scrolls of teleportation {unknown}
 o - 2 scrolls of vulnerability {unknown}
 s - a scroll of silence {unknown}
 x - a scroll of summoning {unknown}
 y - a scroll of fear {unknown}
 z - a scroll of fog {unknown}
 D - a scroll of brand weapon {unknown}
 G - 2 scrolls of acquirement {unknown}
 I - 2 scrolls of enchant weapon {unknown}
Potions
 f - a potion of might {unknown}
 l - a potion of brilliance
 n - 2 potions of curing
 p - a potion of heal wounds {unknown}
 q - a potion of haste {unknown}
 r - a potion of berserk rage
 t - a potion of flight {unknown}
 u - a potion of attraction {unknown}
 H - a potion of mutation {unknown}


   Skills:
 + Level 7.1 Fighting
 - Level 6.0 Ranged Weapons
 - Level 6.0 Dodging
 - Level 1.0 Stealth


You had 7 spell levels left.
You didn't know any spells.
Your spell library contained the following spells:

 Spells                   Type           Power      Damage    Failure   Level
 Malign Gateway           Summ/Tloc      0%         N/A       100%        7
 Summon Horrible Things   Summ           0%         N/A       100%        8


Dungeon Overview and Level Annotations

Branches:
Dungeon (6/15)
 Temple: D:4-7

Altars:
Kikubaaqudgha
Qazlal

Shops:
D:5 :


Innate Abilities, Weirdness & Mutations

You have large cloven feet.
You may rarely emit foul miasma when damaged in melee.


Message History

Non-targeted confused fire: a) +0 shortbow
Press: ? - help, Q - select action, (/) - cycle Dir - look around, f - activate
Okay, then.
Something hits you but does no damage. x2; The orc priest zaps a wand.
The bolt of light hits you!
* * * LOW HITPOINT WARNING * * *
Something barely misses you.
You feel less confused. Something hits you but does no damage.
It was a potion of brilliance.
You feel clever all of a sudden. Something hits you but does no damage.
Something hits you.
* * * LOW HITPOINT WARNING * * *
You emit a cloud of foul miasma!
It was a potion of berserk rage.
A red film seems to cover your vision as you go berserk!
You feel yourself moving faster!
You feel mighty! Something barely misses you.
Something hits you but does no damage.
You feel a strong urge to attack something.
You feel your anger nearly subside.
Reactivating autopickup.
You feel a bit more experienced.
You are no longer berserk.
You are exhausted.
You feel yourself slow down.
Fire: a) +0 shortbow
Press: ? - help, Q - select action, (/) - cycle Shift-Dir - straight line, f - orc
Aim: an orc, wielding a +0 club (70% to hit)
You shoot an arrow. The arrow closely misses the orc.
Something hits you but does no damage.
Deactivating autopickup; reactivate with Ctrl-A.
Fire: a) +0 shortbow
Press: ? - help, Q - select action, (/) - cycle Shift-Dir - straight line, f/p - orc
Aim: an orc, wielding a +0 club (70% to hit)
You shoot an arrow. The arrow hits the orc!
You kill the orc!
Something hits you but does no damage.
The orc priest invokes the aid of Beogh against you.
Beogh smites you!
You die...

########### ..........#
.........##############
......................#
......................#
#.....#..#.......####### ##
...............)[.........
#........#.#.#.#.#####.#.
#........#.#.#.#@##.....
#........#.#.#.#.##.#o.#
#........#.#...#)##.#.o#
#....#.......#.#.o)o#).#
#...................†).#.###
##...#....................).
............................
##..##..........#######.....
##.###.#.#####.## #####


You could see an orc priest.

Vanquished Creatures
  Grinder (D:3)
  Sigmund (D:3)
  Menkaure (D:6)
  An orc warrior (D:6)
  An ice beast (D:6)
  A centaur (D:6)
  2 scorpions
  A necrophage (D:6)
  4 hounds
  4 orc priests
  2 iguanas (D:5)
  Ijyb (D:4)
  3 orc wizards
  8 adders
  4 gnolls (D:4)
  An ufetubus (D:4)
  A dart slug (D:1)
  19 orcs
  4 endoplasms
  4 giant cockroaches
  8 goblins
  7 hobgoblins
  5 jackals
  5 kobolds
  4 quokkas
  7 ball pythons
  9 bats
  4 frilled lizards
  6 rats
119 creatures vanquished.

Vanquished Creatures (others)
  An orc (D:6)
1 creature vanquished.

Grand Total: 120 creatures vanquished

Notes
Turn   | Place    | Note
-------+----------+-------------------------------------------
     0 | D:1      | Thatpatchoflichen the Demonspawn Hunter began the quest for
                  | the Orb.
     0 | D:1      | Reached XP level 1. HP: 16/16 MP: 1/1
    59 | D:1      | Reached skill level 1 in Stealth
    97 | D:1      | Gained mutation: You have large cloven feet. [demonic
                  | ancestry]
    97 | D:1      | Reached XP level 2. HP: 22/22 MP: 2/2
   704 | D:1      | Reached XP level 3. HP: 10/28 MP: 3/3
  1715 | D:3      | Reached skill level 3 in Fighting
  1715 | D:3      | Reached XP level 4. HP: 35/35 MP: 4/4
  1731 | D:3      | Noticed Sigmund
  1745 | D:3      | Killed Sigmund
  1746 | D:3      | Reached skill level 4 in Fighting
  1746 | D:3      | Gained mutation: You may rarely emit foul miasma when
                  | damaged in melee. [demonic ancestry]
  1746 | D:3      | Reached XP level 5. HP: 18/42 MP: 5/5
  2156 | D:3      | Reached XP level 6. HP: 40/48 MP: 6/6
  2402 | D:3      | Noticed Grinder
  2420 | D:3      | Paralysed by Grinder for 2 turns
  2422 | D:3      | Killed Grinder
  3023 | D:4      | Reached XP level 7. HP: 55/55 MP: 7/7
  3270 | D:4      | Reached skill level 5 in Fighting
  3470 | D:5      | Entered Level 5 of the Dungeon
  3811 | D:4      | Noticed Ijyb
  3833 | D:4      | Killed Ijyb
  3834 | D:4      | Reached skill level 5 in Ranged Weapons
  4372 | D:5      | Reached skill level 5 in Dodging
  4561 | D:5      | Found a stormy altar of Qazlal.
  4838 | D:5      | Found an ancient bone altar of Kikubaaqudgha.
  4930 | D:5      | Found Xuengot's Book Boutique.
  4946 | D:6      | Noticed Menkaure
  4952 | D:6      | Killed Menkaure
  4953 | D:6      | Reached XP level 8. HP: 48/64 MP: 8/8
  5180 | D:6      | Reached skill level 6 in Fighting
  5595 | D:6      | Reached skill level 7 in Fighting
  5606 | D:6      | Killed from afar by an orc priest

Illustrated notes

Levels and vault maps discovered:
D:1:      mrwooster_arrival_arrow, layout_loops_ring, minmay_nonomino_d4
D:2:      layout_loops_cross
D:3:      layout_basic, hex_medium, kennysheep_nondescript, uniq_grinder,
          uniq_sigmund
D:4:      layout_gridville, uniq_ijyb
D:5:      layout_cave_pools, grunt_qazlal_clouds, kiku_gazebo_garden_becter,
          serial_shops, nicolae_shop_behind_doors
D:6:      cheibrodos_two_vegetables, layout_basic, serial_shops, shop,
          uniq_menkaure

Skill      XL: |  1  2  3  4  5  6  7  8 |
---------------+-------------------------+-----
Stealth        | 1 |  1.0
Dodging        | 2 4 5 6 |  6.0
Ranged Weapons | 4 5 6 |  6.0
Fighting       | 3 4 5 7 |  7.1

Action                   |  1- 3 |  4- 6 |  7- 9 || total
-------------------------+-------+-------+-------++-------
 Fire: Shortbow          |    87 |   117 |   197 ||   401
  Use: Potion            |       |       |     3 ||     3
Armor: Leather armour    |     9 |    11 |       ||    20
       Scale mail        |       |       |    80 ||    80
Dodge: Dodged            |    23 |    34 |   102 ||   159
